 Dungeon Crawl Stone Soup version 0.26-a0-639-g72c4674 (webtiles) character file.

Game seed: 6755166408837304731

373832 TheGoonsmith the Executioner (level 21, -18/199 HPs)
             Began as a Minotaur Berserker on Sept 13, 2020.
             Was the Champion of Trog.
             Demolished by an Ice Fiend (25 damage)
             ... summoned by a deep elf demonologist
             ... on level 3 of the Elven Halls on Sept 15, 2020.
             The game lasted 01:34:03 (46174 turns).

TheGoonsmith the Executioner (Minotaur Berserker)  Turns: 46174, Time: 01:34:03

Health: -18/199    AC: 27    Str: 27    XL:     21   Next: 75%
Magic:  17/17      EV: 14    Int:  4    God:    Trog [******]
Gold:   2452       SH:  0    Dex: 15    Spells: 20/20 levels left

rFire    + + .     SeeInvis +   a - +9 executioner's axe (vamp)
rCold    + . .     Faith    .   (shield currently unavailable)
rNeg     + . .     Spirit   .   U - +1 gold dragon scales
rPois    +         Reflect  .   H - +2 hat {SInv}
rElec    .         Harm     .   t - +2 cloak
rCorr    .         Rampage  .   K - +0 pair of gloves
MR       +....                  X - +1 pair of boots
Stlth    ..........             (no amulet)
HPRegen  0.43/turn              Y - +4 ring of slaying
MPRegen  0.15/turn              J - ring "Ratotargh" {rF+ rN+ Slay+5}

@: no status effects
A: retaliatory headbutt, horns 2, deformed body, low mp 1
}: 2/15 runes: barnacled, gossamer
a: Berserk, Trog's Hand, Brothers in Arms, Renounce Religion


You were on level 3 of the Elven Halls.
You worshipped Trog.
Trog was exalted by your worship.
You visited 7 branches of the dungeon, and saw 38 of its levels.
You visited the Abyss 1 time.
You also visited: Gauntlet and Ice Cave.

You collected 5860 gold pieces.
You spent 3408 gold pieces at shops.

Inventory:

Hand Weapons
 a - a +9 vampiric executioner's axe (weapon)
Missiles
 N - 2 throwing nets (quivered)
Armour
 t - a +2 cloak (worn)
 H - a +2 hat of see invisible (worn)
 K - a +0 pair of gloves (worn)
 U - +1 gold dragon scales (worn)
 X - a +1 pair of boots (worn)
Jewellery
 x - the ring of Otril {rCorr Int+2}
   (You found it on level 13 of the Dungeon)

   [ring of resist corrosion]

   It affects your intelligence (+2).
   It provides partial protection from all sources of acid and corrosion.
 C - a +4 ring of protection
 I - the ring of Ynakel {rF+ Str+6}
   (You found it on level 4 of the Shoals)

   [ring of strength]

   It affects your strength (+6).
   It protects you from fire.
 J - the ring "Ratotargh" (right hand) {rF+ rN+ Slay+5}
   (You bought it in a shop on level 2 of the Vaults)

   [ring of protection from fire]

   It affects your accuracy and damage with ranged weapons and melee attacks
   (+5).
   It protects you from fire.
   It protects you from negative energy.
 P - an uncursed ring of poison resistance
 R - the ring "Nyizufynn" {rC+ Int+6}
   (You found it on level 1 of the Lair of Beasts)

   [ring of intelligence]

   It affects your intelligence (+6).
   It protects you from cold.
 S - an uncursed amulet of regeneration
 Y - a +4 ring of slaying (left hand)
Wands
 m - a wand of digging (5)
 q - a wand of iceblast (23)
 u - a wand of flame (79)
 w - a wand of polymorph (9)
 y - a wand of enslavement (41)
 G - a wand of disintegration (21)
 T - a wand of acid (22)
 V - a wand of paralysis (31)
Scrolls
 c - 20 scrolls of remove curse
 g - 5 scrolls of fear
 j - 23 scrolls of teleportation
 l - 2 scrolls of blinking
 r - 16 scrolls of identify
 v - 2 scrolls of magic mapping
 B - 4 scrolls of enchant weapon
 E - 10 scrolls of fog
 L - a scroll of silence
Potions
 d - 6 potions of might
 e - 2 potions of berserk rage
 f - 8 potions of haste
 h - 7 potions of flight
 i - 3 potions of resistance
 k - 14 potions of heal wounds
 n - 3 potions of cancellation
 o - 17 potions of curing
 s - 8 potions of stabbing
 z - 2 potions of invisibility
 A - 4 potions of magic
 D - a potion of ambrosia
Miscellaneous
 p - a box of beasts (3/3)
 F - a phantom mirror
 M - a phantom mirror
 O - a tin of tremorstones (3/3)
 Q - a phial of floods
 W - a condenser vane (2/2)


   Skills:
 + Level 19.6 Fighting
 - Level 26.0 Axes
 - Level 0.6 Throwing
 + Level 18.9 Armour
 + Level 15.0 Dodging
 + Level 15.1 Evocations


You had 20 spell levels left.
You didn't know any spells.
Your spell library was empty.

Dungeon Overview and Level Annotations

Branches:
Dungeon (15/15)            Temple (0/1) D:5            Lair (6/6) D:8
 Shoals (4/4) Lair:2       Spider (4/4) Lair:4        Slime (0/5) Lair:6
    Orc (2/2) D:10            Elf (3/3) Orc:2        Vaults (4/5) D:14
  Crypt (0/3) Vaults:2     Depths (0/5) D:15          IceCv (visited)
Gauntlet (visited)

Altars:
Ashenzari
Cheibriados
Dithmenos
Fedhas
Gozag
Hepliaklqana
Makhleb
Nemelex Xobeh
Okawaru
Vehumet
Yredelemnul
Zin
The Shining One
Beogh
Jiyva

Shops:
D:12 ?   D:13 }   Orc:2 !:(?=   Elf:2 :   Vaults:1 *   Vaults:2 =   Vaults:3 :
Vaults:4 :

Annotations:
D:7 2 transporters
Lair:3 1 runed translucent door, DarkSavant's ghost, journeyman DrTm


Innate Abilities, Weirdness & Mutations

You reflexively headbutt those who attack you in melee.
You have a pair of horns on your head.
Armour fits poorly on your strangely shaped body.
Your magical capacity is low. (-10% MP)


Message History

Aiming: Corrosive Bolt
Press: ? - help, Shift-Dir - straight line, f/p - deep elf demonologist
Aim: a deep elf demonologist, wielding a +0 rapier and wearing a +0 scale mail (heavily wounded)
The bolt of acid hits the Ice Fiend!
The Ice Fiend is splashed with acid!
The Ice Fiend seems to be corroded for longer.
The Ice Fiend is severely wounded.
The bolt of acid hits the deep elf demonologist!
The deep elf demonologist is splashed with acid.
The acid corrodes the deep elf demonologist!
The deep elf demonologist is almost dead.
The bolt of acid misses the blizzard demon.
The bolt of acid hits the orange demon!!
The orange demon is splashed with acid!
The orange demon seems to be corroded for longer.
You kill the orange demon!
The hellwing hits you but does no damage.
The hellwing barely misses you. The Ice Fiend claws you!
* * * LOW HITPOINT WARNING * * *
The Ice Fiend freezes you!! You resist.
You die...

#...)....)'..
#.........###
#########.....###
##.(.........###
#..).######### #
#)..## ## #))).#
####. ##..## ##.#'#
#@4# ##...## #1##
#.....# #e# ##...##
#2# ##.## #.# ### #.#
***#.#***
****,,...,,****
****,,,,,..e,,,,,****


You could see an Ice Fiend (summoned, corroded), a blizzard demon (summoned,
corroded), a deep elf demonologist (corroded) and a hellwing (summoned).

Vanquished Creatures
  Arachne (Spider:3)
  Rupert (Orc:2)
  Jorgrun (D:12)
  A deep elf blademaster (Elf:3)
  4 tentacled starspawn (Abyss:2)
  A deep elf master archer (Elf:3)
  The ghost of Pott the Warrior, an adept MfBe of Trog (Elf:2)
  A kraken (Shoals:4)
  Gastronok (D:8)
  2 sphinxes
  The ghost of porkupine the Peltast, an adept MiAK of Lugonu (Spider:1)
  A storm dragon (Vaults:4)
  The ghost of Scrawl the Fighter, an adept GnWn of Gozag (Spider:1)
  A tengu reaver (Vaults:4)
  A revenant (Vaults:2)
  2 fire giants
  An orc warlord (Orc:2)
  3 deep elf sorcerers
  6 ghost moths
  8 vault wardens
  A ghoul (Vaults:3)
  6 ironheart preservers
  10 stone giants
  3 emperor scorpions
  2 vampire knights (Vaults:2)
  A deep elf elementalist (Elf:3)
  A war gargoyle (Vaults:1)
  A deep elf demonologist (Elf:3)
  12 entropy weavers
  A minotaur (Gauntlet)
  2 deep elf annihilators
  2 spark wasps (Spider:4)
  3 ettins
  4 deep elf death magi
  7 merfolk javelineers
  5 merfolk impalers
  2 fire dragons
  A deep elf high priest (Elf:3)
  4 ice dragons
  11 ogre magi
  3 great orbs of eyes
  19 yaktaur captains
  6 rakshasas
  A catoblepas (Lair:6)
  11 vault guards
  3 ghost crabs (Lair:4)
  3 death knights
  8 centaur warriors
  3 merfolk avatars
  6 hydras
  6 satyrs
  2 alligator snapping turtles
  A queen ant (Spider:1)
  5 merfolk aquamancers
  A hell hog (Gauntlet)
  44 two-headed ogres
  A deep troll shaman (Lair:6)
  A tengu warrior (D:15)
  5 death yaks (Lair:6)
  26 dancing weapons
  2 thrashing horrors (Abyss:2)
  Nergalle (Lair:3)
  26 deep elf knights
  A wretched star (Abyss:2)
  Sonja (Lair:1)
  2 skeletal warriors (D:14)
  5 fire crabs (Lair:4)
  6 unseen horrors
  4 flayed ghosts
  12 sea snakes
  4 wizards
  An unseen horror (shapeshifter) (Vaults:3)
  2 deep trolls (Vaults:4)
  3 phantasmal warriors
  3 necromancers
  10 ironbrand convokers
  2 glowing orange brains
  Pikel (D:8)
  20 deep elf archers
  3 harpies (Vaults:4)
  12 orc knights
  16 orb spiders
  58 deep elf magi
  42 wolf spiders
  17 cyclopes
  An orc sorcerer (Orc:2)
  23 ugly things
  15 manticores
  An orb spider (shapeshifter) (Vaults:2)
  A moth of wrath (Spider:2)
  10 fauns
  13 elephants
  3 black mambas
  11 vault sentinels
  Joseph (D:7)
  2 ice statues (IceCv)
  An apocalypse crab (Lair:4)
  3 water nymphs (Shoals:3)
  4 gargoyles
  9 merfolk sirens
  2 smoke demons (Abyss:2)
  2 centaur zombies (D:14)
  A stone giant skeleton (Vaults:3)
  Maggie (D:8)
  12 cane toads
  3 kobold demonologists
  3 human zombies
  A yaktaur (shapeshifter) (Vaults:1)
  36 yaktaurs
  An elf (Vaults:4)
  9 freezing wraiths
  7 komodo dragons
  2 rime drakes (Lair:4)
  3 tengu conjurers
  An entropy weaver simulacrum (Vaults:1)
  10 demonic crawlers
  3 ice devils
  2 hellwings (Abyss:2)
  A queen bee (shapeshifter) (Vaults:4)
  8 polar bears
  25 jumping spiders
  4 wind drakes (Shoals:4)
  A harpy zombie (D:15)
  6 trolls
  A meliai zombie (D:11)
  20 merfolk
  2 hornets
  A blink frog (shapeshifter) (Vaults:4)
  Grinder (D:4)
  Prince Ribbit (D:8)
  7 blink frogs
  A raiju (shapeshifter) (Vaults:1)
  6 dream sheep
  An ettin zombie (Vaults:4)
  12 slime creatures
  10 hippogriffs
  An air elemental (Elf:2)
  6 snapping turtles
  A stone giant simulacrum (Vaults:2)
  A centaur simulacrum (D:12)
  A frost giant simulacrum (Vaults:4)
  7 wraiths
  53 redbacks
  23 tarantellas
  27 water elementals
  2 vampires
  3 wyverns
  2 fire elementals
  3 fire bats (Gauntlet)
  A hog (shapeshifter) (Vaults:2)
  43 yaks
  Grum (D:11)
  2 basilisks
  A steam dragon (D:12)
  2 large abominations (Abyss:2)
  A chaos spawn (Abyss:2)
  3 neqoxecs (Abyss:2)
  A vampire mosquito (D:14)
  Edmund (D:4)
  6 wargs
  6 acid dragons
  2 soldier ants (shapeshifter)
  5 water moccasins
  Duvessa (D:7)
  2 hell hounds (Gauntlet)
  3 porcupines
  19 soldier ants
  A meliai simulacrum (D:12)
  57 orc warriors
  An eye of draining (shapeshifter) (D:14)
  12 ice beasts
  8 sky beasts
  2 black bears (Lair:6)
  2 hornet zombies
  A necrophage (D:6)
  44 ogres
  4 small abominations (Abyss:2)
  19 centaurs
  11 wolves
  6 boggarts
  An ogre (shapeshifter) (Vaults:3)
  9 crocodiles
  An orc skeleton (Vaults:1)
  2 lemures (D:8)
  8 big kobolds
  25 bullfrogs
  2 human skeletons
  A gnoll sergeant (D:10)
  Dowan (D:7)
  4 scorpions
  A wyvern skeleton (D:13)
  An elf simulacrum (Vaults:1)
  20 killer bees
  7 wights
  A howler monkey (D:10)
  14 electric eels
  2 bullfrog zombies
  4 jellies
  2 lava snakes (D:9)
  A quasit (D:7)
  9 hounds
  27 orc priests
  4 centaur skeletons
  3 bullfrog skeletons
  A gnoll shaman (D:5)
  6 iguanas
  38 orc wizards
  25 worker ants
  Natasha (thrice) (D:4)
  A bullfrog simulacrum (D:12)
  A hound zombie (D:11)
  A hound skeleton (D:8)
  A worker ant zombie (D:11)
  Robin (D:2)
  8 gnolls
  21 adders
  A howler monkey skeleton (D:7)
  2 shadow imps
  5 white imps
  4 ufetubi
  An ooze (D:2)
  An adder zombie (D:5)
  An adder skeleton (D:4)
  3 worms (D:2)
  4 dart slugs
  4 leopard geckos
  149 orcs
  7 bats
  3 giant cockroaches
  13 goblins
  11 hobgoblins
  14 jackals
  17 kobolds
  11 quokkas
  A ball python (D:3)
  8 frilled lizards
  2 quokka skeletons
  6 rats
  A spectral orc (D:2)
  2 starspawn tentacles (Abyss:2)
  5 tentacles (Shoals:4)
1763 creatures vanquished.

Vanquished Creatures (collateral kills)
  A troll (D:10)
  An orc warrior (D:10)
  2 gnoll sergeants (D:10)
  A gnoll (D:10)
  7 orcs (D:10)
12 creatures vanquished.

Vanquished Creatures (others)
  A deep elf annihilator (Vaults:4)
  A deep elf knight (Elf:1)
  A deep elf mage (Elf:1)
  A faun (Shoals:3)
  23 fungi
  64 plants
  6 starspawn tentacles (Abyss:2)
  7 tentacles (Shoals:4)
104 creatures vanquished.

Grand Total: 1879 creatures vanquished

Notes
Turn   | Place    | Note
-------+----------+-------------------------------------------
     0 | D:1      | TheGoonsmith the Minotaur Berserker began the quest for the
                  | Orb.
     0 | D:1      | Reached XP level 1. HP: 19/19 MP: 0/0
    84 | D:1      | Reached skill level 4 in Axes
    84 | D:1      | Reached XP level 2. HP: 26/27 MP: 1/1
   497 | D:1      | Reached XP level 3. HP: 33/33 MP: 2/2
   501 | D:1      | Reached ** piety under Trog
   770 | D:2      | Reached XP level 4. HP: 35/40 MP: 3/3
   842 | D:2      | Reached skill level 5 in Axes
  1273 | D:2      | Noticed Robin
  1289 | D:2      | Killed Robin
  1646 | D:2      | Found a basalt altar of Yredelemnul.
  1771 | D:3      | Found a blossoming altar of Fedhas.
  1775 | D:3      | Reached *** piety under Trog
  1775 | D:3      | Reached XP level 5. HP: 47/47 MP: 4/4
  2291 | D:3      | Found a snail-covered altar of Cheibriados.
  2332 | D:3      | Reached skill level 6 in Axes
  2563 | D:4      | Reached skill level 5 in Fighting
  2588 | D:4      | Noticed Natasha
  2596 | D:4      | Killed Natasha
  2599 | D:4      | Reached XP level 6. HP: 56/56 MP: 5/5
  2904 | D:4      | Reached **** piety under Trog
  2965 | D:4      | Noticed Grinder
  2970 | D:4      | Paralysed by Grinder for 2 turns
  2982 | D:4      | Killed Grinder
  2982 | D:4      | Reached skill level 7 in Axes
  2982 | D:4      | Reached skill level 5 in Armour
  2982 | D:4      | Reached XP level 7. HP: 51/62 MP: 6/6
  3076 | D:4      | Noticed Edmund
  3087 | D:4      | Killed Edmund
  3087 | D:4      | Reached skill level 8 in Axes
  3111 | D:4      | Noticed Natasha
  3123 | D:4      | Killed Natasha
  3180 | D:4      | Noticed Natasha
  3192 | D:4      | Killed Natasha
  3705 | D:5      | Entered Level 5 of the Dungeon
  3717 | D:5      | Reached XP level 8. HP: 71/71 MP: 7/7
  3937 | D:5      | Reached skill level 9 in Axes
  4006 | D:5      | Found a shadowy altar of Dithmenos.
  4120 | D:5      | Found a staircase to the Ecumenical Temple.
  4562 | D:5      | Found a glowing silver altar of Zin.
  4891 | D:5      | Reached skill level 10 in Axes
  5169 | D:6      | Reached XP level 9. HP: 72/81 MP: 8/8
  5531 | D:7      | Noticed Dowan
  5532 | D:7      | Noticed Duvessa
  5537 | D:7      | Killed Dowan
  5544 | D:7      | Killed Duvessa
  5548 | D:7      | Reached skill level 11 in Axes
  5827 | D:7      | Found a transporter.
  5838 | D:7      | Noticed a kobold demonologist
  5855 | D:7      | Found a transporter.
  6073 | D:7      | Noticed Joseph
  6090 | D:7      | Killed Joseph
  6090 | D:7      | Reached skill level 12 in Axes
  6307 | D:7      | Found an opulent altar of Gozag.
  6307 | D:7      | Found a sparkling altar of Nemelex Xobeh.
  6544 | D:8      | Noticed Prince Ribbit
  6560 | D:8      | Killed Prince Ribbit
  6810 | D:8      | Found an iron altar of Okawaru.
  6812 | D:8      | Noticed Pikel
  6825 | D:8      | Killed Pikel
  6825 | D:8      | Reached XP level 10. HP: 91/91 MP: 9/9
  6873 | D:8      | Noticed Gastronok
  6879 | D:8      | Found a staircase to the Lair.
  6898 | D:8      | Killed Gastronok
  6898 | D:8      | Reached skill level 10 in Fighting
  6898 | D:8      | Reached skill level 13 in Axes
  7231 | D:8      | Found a shattered altar of Ashenzari.
  7285 | D:8      | Noticed Maggie
  7312 | D:8      | Killed Maggie
  7312 | D:8      | Reached ***** piety under Trog
  7449 | D:8      | Found a radiant altar of Vehumet.
  7511 | D:8      | Reached skill level 10 in Armour
  7786 | D:8      | Upgraded the game from 0.26-a0-632-g926a82b to
                  | 0.26-a0-638-gcca6ad1
  7832 | D:8      | Found a hazy altar of Hepliaklqana.
  7853 | D:8      | Reached skill level 14 in Axes
  8099 | D:8      | Found a burning altar of Makhleb.
  8099 | D:8      | Noticed a balrug
  8650 | D:9      | Found a glowing golden altar of the Shining One.
  8832 | D:9      | Reached XP level 11. HP: 101/101 MP: 10/10
  8945 | D:9      | Received a gift from Trog
  9305 | D:9      | Noticed a two-headed ogre
  9313 | D:9      | Killed a two-headed ogre
 10311 | D:10     | Entered Level 10 of the Dungeon
 11102 | D:10     | Reached skill level 15 in Axes
 11532 | D:10     | Found a staircase to the Orcish Mines.
 11639 | D:10     | Noticed a centaur warrior
 11652 | D:10     | Killed a centaur warrior
 11903 | D:10     | Noticed a death knight
 11914 | D:10     | Killed a death knight
 11982 | D:10     | Found a large runed translucent door.
 11983 | D:10     | Found a large runed translucent door.
 12110 | D:10     | Noticed an ettin
 12199 | D:10     | Killed an ettin
 12204 | D:10     | Found a sparkling altar of Nemelex Xobeh.
 12207 | D:10     | Noticed a deep elf knight
 12226 | D:10     | Killed a deep elf knight
 12226 | D:10     | Reached skill level 16 in Axes
 12226 | D:10     | Reached XP level 12. HP: 46/112 MP: 11/11
 12230 | D:10     | Found a glowing golden altar of the Shining One.
 12565 | Lair:1   | Entered Level 1 of the Lair of Beasts
 12615 | Lair:1   | Got a scorched wooden ring
 12652 | Lair:1   | Identified the ring "Nyizufynn" {rC+ Int+6} (You found it
                  | on level 1 of the Lair of Beasts)
 12896 | Lair:1   | Noticed an eight-headed hydra
 12901 | Lair:1   | Killed a five-headed hydra
 13033 | Lair:1   | Noticed Sonja
 13058 | Lair:1   | Killed Sonja
 13828 | Lair:2   | Received a gift from Trog
 13901 | Lair:2   | Got a scorched war axe {god gift}
 13902 | Lair:2   | Identified the +4 war axe "Oxatsau" {antimagic, rF+} (Trog
                  | gifted it to you on level 2 of the Lair of Beasts)
 14091 | Lair:2   | Identified a scroll of acquirement
 14091 | Lair:2   | Acquired a +0 vampiric executioner's axe
 14508 | Lair:2   | Found a staircase to the Shoals.
 14900 | Lair:3   | Found a runed translucent door.
 14900 | Lair:3   | Noticed DarkSavant's ghost (journeyman DrTm)
 14918 | Lair:3   | Reached skill level 17 in Axes
 15130 | Lair:3   | Noticed Nergalle
 15139 | Lair:3   | Killed Nergalle
 15169 | Lair:3   | Reached skill level 5 in Dodging
 15172 | Lair:3   | Reached skill level 1 in Evocations
 15968 | Lair:4   | Reached XP level 13. HP: 122/122 MP: 12/12
 16271 | Lair:4   | Found a hole to the Spider Nest.
 16374 | Lair:4   | Found a runed translucent door.
 16833 | Lair:4   | Received a gift from Trog
 16850 | Lair:4   | Noticed an entropy weaver
 16863 | Lair:4   | Killed an entropy weaver
 17111 | Lair:4   | Noticed an entropy weaver
 17118 | Lair:4   | Killed an entropy weaver
 17145 | Lair:4   | Noticed an entropy weaver
 17159 | Lair:4   | Killed an entropy weaver
 17341 | Lair:4   | Noticed an entropy weaver
 17357 | Lair:4   | Killed an entropy weaver
 17357 | Lair:4   | Reached skill level 18 in Axes
 17360 | Lair:4   | Paralysed by you for 6 turns
 17914 | Lair:5   | Reached skill level 5 in Evocations
 18330 | Lair:6   | Entered Level 6 of the Lair of Beasts
 18450 | Lair:6   | Found a gate leading to a gauntlet.
 18460 | Gauntlet | Entered a Gauntlet
 18460 | Gauntlet | Found a transporter.
 18470 | Gauntlet | Found a transporter.
 18478 | Gauntlet | Found a transporter.
 18480 | Gauntlet | Found a transporter.
 18492 | Gauntlet | Found a transporter.
 18505 | Gauntlet | Found a transporter.
 18515 | Gauntlet | Found a transporter.
 18522 | Gauntlet | Noticed a green death
 18525 | Gauntlet | Found a transporter.
 18541 | Gauntlet | Found a transporter.
 18556 | Gauntlet | Found a transporter.
 18556 | Gauntlet | Found a transporter.
 18563 | Gauntlet | Found a transporter.
 18599 | Gauntlet | Found a transporter.
 18614 | Gauntlet | Found a transporter.
 18784 | Gauntlet | Reached XP level 14. HP: 126/130 MP: 13/13
 18799 | Gauntlet | Got a shimmering brass ring
 18801 | Gauntlet | Identified the ring "Reyfas" {Ice +Inv Int+3} (You found it
                  | in a Gauntlet)
 19137 | Lair:6   | Reached ****** piety under Trog
 19744 | Lair:6   | Found a viscous altar of Jiyva.
 19745 | Lair:6   | Found a staircase to the Slime Pits.
 20171 | Orc:1    | Entered Level 1 of the Orcish Mines
 20270 | Orc:1    | Found a roughly hewn altar of Beogh.
 20387 | Orc:2    | Entered Level 2 of the Orcish Mines
 20387 | Orc:2    | Found a staircase to the Elven Halls.
 20420 | Orc:2    | Received a gift from Trog
 20538 | Orc:2    | Noticed an orc warlord
 20549 | Orc:2    | Killed an orc warlord
 20756 | Orc:2    | Found a roughly hewn altar of Beogh.
 20787 | Orc:1    | Found a roughly hewn altar of Beogh.
 21009 | Orc:2    | Found Goke Wes's Jewellery Shoppe.
 21035 | Orc:2    | Received a gift from Trog
 21076 | Orc:2    | Found a roughly hewn altar of Beogh.
 21260 | Orc:2    | Noticed Rupert
 21279 | Orc:2    | Killed Rupert
 21284 | Orc:2    | Reached skill level 19 in Axes
 21483 | Orc:2    | Found Ipsieg's Book Shoppe.
 21483 | Orc:2    | Found Ymoklese's Weapon Boutique.
 21485 | Orc:2    | Found Lomynwag's Magic Scroll Shop.
 21487 | Orc:2    | Found Xiziyvia's Distillery.
 21738 | Orc:2    | Bought a scroll of identify for 28 gold pieces
 21738 | Orc:2    | Bought a scroll of identify for 28 gold pieces
 21738 | Orc:2    | Bought a scroll of identify for 28 gold pieces
 21738 | Orc:2    | Bought a scroll of identify for 28 gold pieces
 21738 | Orc:2    | Bought a scroll of identify for 28 gold pieces
 21738 | Orc:2    | Bought a scroll of acquirement for 728 gold pieces
 21738 | Orc:2    | Bought a scroll of summoning for 133 gold pieces
 21738 | Orc:2    | Bought a scroll of teleportation for 42 gold pieces
 21738 | Orc:2    | Bought a scroll of enchant weapon for 105 gold pieces
 21747 | Orc:2    | Acquired 320 gold pieces
 21795 | Orc:2    | Bought an uncursed amulet of reflection for 480 gold pieces
 21832 | Orc:2    | Bought a potion of curing for 42 gold pieces
 21832 | Orc:2    | Bought a potion of might for 56 gold pieces
 21832 | Orc:2    | Bought a potion of resistance for 140 gold pieces
 21832 | Orc:2    | Bought a potion of invisibility for 112 gold pieces
 21832 | Orc:2    | Bought a potion of might for 56 gold pieces
 21832 | Orc:2    | Bought a potion of heal wounds for 70 gold pieces
 21832 | Orc:2    | Bought a potion of might for 56 gold pieces
 21832 | Orc:2    | Bought a potion of cancellation for 112 gold pieces
 22179 | D:11     | You fall into a shaft and drop 1 floor!
 22213 | D:11     | Found a frozen archway.
 22229 | IceCv    | Entered an ice cave
 22230 | IceCv    | Found a transporter.
 22251 | IceCv    | Found a transporter.
 22604 | D:11     | You fall into a shaft and drop 3 floors!
 22692 | D:14     | Reached XP level 15. HP: 72/139 MP: 14/14
 22727 | D:14     | Received a gift from Trog
 23573 | D:13     | Got a smoking silver ring
 23574 | D:13     | Identified the ring of Otril {rCorr Int+2} (You found it on
                  | level 13 of the Dungeon)
 23649 | D:13     | Found Nekhlo's Gadget Shop.
 23968 | D:13     | Upgraded the game from 0.26-a0-638-gcca6ad1 to
                  | 0.26-a0-639-g72c4674
 24330 | D:11     | Noticed Grum
 24345 | D:11     | Killed Grum
 25017 | D:12     | Noticed Jorgrun
 25027 | D:12     | Killed Jorgrun
 25027 | D:12     | Reached skill level 15 in Fighting
 25124 | D:12     | Found Vydd's Magic Scroll Boutique.
 25127 | D:12     | Bought 2 scrolls of enchant weapon for 180 gold pieces
 25127 | D:12     | Bought a scroll of enchant armour for 90 gold pieces
 25127 | D:12     | Bought a scroll of identify for 24 gold pieces
 25127 | D:12     | Bought a scroll of enchant weapon for 90 gold pieces
 25127 | D:12     | Bought a scroll of teleportation for 36 gold pieces
 25589 | D:14     | Reached skill level 20 in Axes
 25609 | D:14     | Received a gift from Trog
 25728 | D:14     | Reached skill level 15 in Armour
 25768 | D:14     | Found a gate to the Vaults.
 26031 | D:14     | Reached skill level 10 in Dodging
 26528 | D:15     | Entered Level 15 of the Dungeon
 26893 | D:15     | Found a staircase to the Depths.
 26971 | D:15     | Reached XP level 16. HP: 140/150 MP: 15/15
 27160 | D:15     | Received a gift from Trog
 27542 | Spider:1 | Entered Level 1 of the Spider Nest
 27549 | Spider:1 | Reached skill level 21 in Axes
 28349 | Spider:1 | Received a gift from Trog
 28378 | Spider:1 | Found a runed translucent gate.
 28378 | Spider:1 | Found a runed translucent gate.
 28378 | Spider:1 | Found a runed translucent gate.
 28378 | Spider:1 | Noticed porkupine's ghost (adept MiAK)
 28378 | Spider:1 | Noticed Scrawl's ghost (adept GnWn)
 28392 | Spider:1 | Killed porkupine's ghost
 28398 | Spider:1 | Killed Scrawl's ghost
 29060 | Spider:2 | Reached skill level 10 in Evocations
 29475 | Spider:3 | Reached skill level 22 in Axes
 29476 | Spider:3 | Received a gift from Trog
 29609 | Spider:3 | Noticed Arachne
 29617 | Spider:3 | Killed Arachne
 30026 | Spider:4 | Entered Level 4 of the Spider Nest
 30215 | Spider:3 | Reached XP level 17. HP: 154/158 MP: 16/16
 30880 | Spider:4 | Received a gift from Trog
 31156 | Spider:4 | Reached skill level 23 in Axes
 31511 | Spider:4 | Got a gossamer rune of Zot
 31798 | Shoals:1 | Entered Level 1 of the Shoals
 32196 | Shoals:1 | Got a glimmering chain mail
 32197 | Shoals:1 | Identified the +6 chain mail "Kusch" {rN+} (You found it on
                  | level 1 of the Shoals)
 33573 | Shoals:3 | Received a gift from Trog
 33637 | Shoals:3 | Reached skill level 24 in Axes
 34604 | Shoals:4 | Entered Level 4 of the Shoals
 34945 | Shoals:4 | Reached XP level 18. HP: 128/166 MP: 17/17
 35325 | Shoals:4 | Received a gift from Trog
 35492 | Shoals:4 | Reached skill level 25 in Axes
 35515 | Shoals:4 | Got a barnacled rune of Zot
 35699 | Shoals:4 | Got a scorched turquoise ring
 35700 | Shoals:4 | Identified the ring of Ynakel {rF+ Str+6} (You found it on
                  | level 4 of the Shoals)
 36416 | Vaults:1 | Entered Level 1 of the Vaults
 36547 | Vaults:1 | Received a gift from Trog
 36696 | Vaults:1 | Reached skill level 26 in Axes
 37308 | Vaults:1 | Found Itavoiru's Assorted Antiques.
 37313 | Vaults:1 | Bought a scroll labeled AZYXEA YSANEMUUB for 36 gold pieces
 37313 | Vaults:1 | Bought a scroll of teleportation for 108 gold pieces
 37370 | Vaults:1 | Received a gift from Trog
 37612 | Vaults:1 | Reached XP level 19. HP: 169/174 MP: 18/18
 37876 | Vaults:2 | Found a staircase to the Crypt.
 38112 | Vaults:2 | Received a gift from Trog
 38405 | Vaults:2 | Found Vyiguxea's Jewellery Boutique.
 38472 | Vaults:2 | Bought the ring "Ratotargh" {rF+ rN+ Slay+5} for 572 gold
                  | pieces
 39396 | Vaults:3 | Received a gift from Trog
 39689 | Vaults:3 | Received a gift from Trog
 40051 | Vaults:3 | Reached XP level 20. HP: 156/185 MP: 19/19
 40896 | Vaults:3 | Acquired 870 gold pieces
 41095 | Vaults:3 | Found Ahakod's Book Boutique.
 41571 | Vaults:4 | Received a gift from Trog
 41788 | Vaults:4 | Found an iron altar of Okawaru.
 41884 | Vaults:4 | Found Tiuduq's Book Emporium.
 42177 | Vaults:4 | Received a gift from Trog
 42768 | Elf:1    | Entered Level 1 of the Elven Halls
 43104 | Elf:1    | Received a gift from Trog
 43731 | Elf:1    | Reached XP level 21. HP: 196/196 MP: 20/20
 43837 | Elf:2    | Found a runed translucent door.
 43837 | Elf:2    | Noticed Pott's ghost (adept MfBe)
 43881 | Elf:2    | Received a gift from Trog
 44139 | Elf:2    | Found a huge runed translucent gate.
 44139 | Elf:2    | Found a huge runed translucent gate.
 44140 | Elf:2    | Found a huge runed translucent gate.
 44141 | Elf:2    | Found a huge runed translucent gate.
 44146 | Elf:2    | Found a huge runed translucent gate.
 44247 | Elf:2    | Found Ydenk's Book Boutique.
 44489 | Elf:2    | Killed Pott's ghost
 45030 | Elf:3    | Entered Level 3 of the Elven Halls
 45483 | Elf:3    | Received a gift from Trog
 45879 | Elf:3    | Cast into level 2 of the Abyss (a deep elf sorcerer)
 45990 | Abyss:2  | Reached skill level 15 in Evocations
 46103 | Abyss:2  | Gained mutation: Armour fits poorly on your strangely
                  | shaped body. [a neqoxec]
 46105 | Abyss:2  | Gained mutation: Your magical capacity is low. (-10% MP) [a
                  | neqoxec]
 46125 | Elf:3    | Escaped the Abyss
 46149 | Elf:3    | Reached skill level 15 in Dodging
 46165 | Elf:3    | Received a gift from Trog
 46174 | Elf:3    | HP: 7/199 [Ice Fiend[a deep elf demonologist] (12)]
 46174 | Elf:3    | Demolished by an Ice Fiend

Illustrated notes

Levels and vault maps discovered:
D:1:      dpeg_arrival_stonehenge_8_columns, layout_rooms
D:2:      layout_loops_cross, yredelemnul_forgotten_temple_becter, uniq_robin
D:3:      layout_basic, kennysheep_slug_shrine, fedhas_altar_1
D:4:      layout_loops_ring, uniq_natasha, uniq_grinder, uniq_edmund
D:5:      layout_gridville, nicolae_dithmenos_through_a_glass_darkly,
          overflow_temple_1_default, minmay_temple_entry_proselytizer
D:6:      layout_cave_pools
D:7:      gammafunk_wand_slinger, layout_rooms, grunt_temple_overflow_opulence,
          uniq_duvessa, uniq_joseph
D:8:      layout_basic, fiery_altar_vehumet, cheibrodos_ashenzari_chains,
          nicolae_overflow_crystal_walls, lemuel_crystal_altar,
          dpeg_oklobed_lair, makhleb_altar_promises_db, uniq_pikel,
          uniq_prince_ribbit1, uniq_maggie, uniq_gastronok
D:9:      layout_layer_cave, nicolae_tso_carved_into_rock,
          minmay_misc_feat_plants, kennysheep_minor_cross
D:10:     layout_roguey, kennysheep_orc_monster_closet_entryway,
          jmf_multi_god_temple2
D:11:     layout_stronghold, portal_ice_cave_demonic_guard, uniq_grum
D:12:     layout_rooms, serial_shops, nicolae_shop_trees, serial_ice,
          serial_ice_j, serial_ice_e, serial_ice_d, serial_ice_b, minivault_1,
          uniq_jorgrun
D:13:     erik_rubicon_a, layout_irregular_city, serial_shops,
          nicolae_shop_statue_plus
D:14:     wad_river_or_something, layout_basic,
          lightli_vaults_fourway_checkpoint, serial_glass, glass_columns_b,
          glass_columns_b, feat_on_display, kennysheep_generic_room_2
D:15:     grunt_enter_depths_hoard, layout_basic, minmay_strange_pillars
Lair:1:   layout_cave_pods, st_stairs_13, grunt_forest_small_clearing_treed,
          uniq_sonja
Lair:2:   layout_loops_ring, minmay_shoals_entry_lonely_mermaid,
          wad_woods_river_01
Lair:3:   layout_layer_cave, hellmonk_ghost_happy_afterlife, uniq_nergalle
Lair:4:   gammafunk_mikee_crab_dinner, layout_gridlike, dummy_spider_entry,
          beast_lair_carwin_5, serial_bayou_shore_b
Lair:5:   layout_cave_pods, grunt_megastairs_3, lemuel_fruit_tree
Lair:6:   grunt_lair_end_beastmaster, layout_long_grid,
          dpeg_slime_entry_enclosed_altar, gauntlet_entry_generic
Shoals:1: layout_shoals, ldierk_geyser
Shoals:2: layout_shoals
Shoals:3: layout_shoals
Shoals:4: shoals_end_simple, layout_shoals
Spider:1: layout_spider_delve, gammafunk_ghost_cemetery, zaba_antful_of_joy
Spider:2: layout_spider_delve
Spider:3: layout_spider_delve, uniq_arachne
Spider:4: grunt_spider_rune_island
Orc:1:    layout_caves, basic_altar, minmay_orc_temple_b
Orc:2:    st_orc_rangers, layout_diamond_mine, basic_altar, serial_shops,
          nicolae_shop_temple_entry_statues_fountains, mines1_david, uniq_rupert
Elf:1:    minmay_elf_arrival_plus, layout_geoelf_diagonals,
          hangedman_elf_disciples, drop_trap
Elf:2:    layout_onion_city, serial_shops, shop, ebering_ghost_inner_flame,
          minmay_misc_feat_rows
Elf:3:    minmay_elf_hall_furrowed, layout_geoelf_octagon, st_stairs_11
Vaults:1: vaults_room_octagon, nicolae_vaults_big_ls,
          nicolae_vaults_little_squares_2, vaults_dpeg_hooks,
          ontoclasm_vaults_loading_screen, hangedman_vaults_unwind,
          nicolae_vaults_little_squares_4, v_alt_pattern_4,
          nicolae_vaults_circle_grid_a, dpeg_vaults_monster_box,
          ontoclasm_vaults_shuriken, v_misc_19, st_check, serial_ice_g,
          grunt_vaults_hallway_short, nicolae_vaults_gold_heap,
          layout_vaults_maze_bifur, serial_shops, shop_fountains
Vaults:2: v_misc_13, v_alt_pattern_5, v_misc_29,
          minmay_crypt_entry_simple_round, hangedman_vaults_cutoff,
          nicolae_vaults_theta, hangedman_vaults_stream, grunt_vaults_funnel,
          v_misc_10, layout_vaults_omnigrid, serial_shops, nicolae_shop_crystal
Vaults:3: v_pattern_5, vaults_mumra_minichess, st_lines,
          nicolae_vaults_windows_and_doors_thing, grunt_vaults_hallway_short,
          nicolae_vaults_network_s, hangedman_vaults_pinch,
          vaults_standard_mumra_lines, grunt_vaults_bifocal,
          ontoclasm_vaults_idyll, ontoclasm_vaults_tryst,
          ontoclasm_vaults_claustrophobia, layout_vaults_ring, serial_shops,
          nicolae_shop_crystal
Vaults:4: nicolae_vaults_little_squares_5, nicolae_vaults_big_angled_halls,
          nicolae_vaults_theta, vaults_room_octagon,
          nicolae_vaults_little_squares_2, nicolae_vaults_little_squares_4,
          v_misc_25, ontoclasm_vaults_chip, hangedman_vaults_cutoff,
          vaults_mumra_hex, hangedman_vaults_trim, v_misc_2,
          grunt_vaults_hallway_long, nicolae_vaults_holding_cells,
          layout_vaults_omnibox, basic_altar, serial_shops, shop

Skill      XL: |  1  2  3  4  5  6  7  8  9 10 11 12 13 14 15 16 17 18 19 20 21 |
---------------+----------------------------------------------------------------+-----
Axes           | 4 5 6 7 8 10 12 14 16 17 18 19 20 22 24 26 | 26.0
Fighting       | 4 5 6 7 9 10 12 13 14 15 16 17 18 19 | 19.6
Armour         | 3 4 5 7 9 10 11 12 13 14 15 16 18 | 18.9
Dodging        | 5 7 8 10 12 14 15 | 15.0
Evocations     | 2 5 8 10 12 13 14 15 | 15.1
Throwing       | |  0.6

Action                   |  1- 3 |  4- 6 |  7- 9 | 10-12 | 13-15 | 16-18 | 19-21 || total
-------------------------+-------+-------+-------+-------+-------+-------+-------++-------
Melee: Hand axe          |    65 |   175 |   276 |    61 |    12 |       |       ||   589
       Headbutt          |    10 |    30 |    57 |   125 |   270 |   248 |   240 ||   980
       Broad axe         |       |       |       |   257 |       |       |       ||   257
       Battleaxe         |       |       |       |   180 |       |       |       ||   180
       Executioner's axe |       |       |       |    89 |   942 |  1057 |   981 ||  3069
Throw: Dart              |       |       |       |     3 |       |       |       ||     3
Invok: Berserk           |     1 |     4 |     9 |     6 |     2 |     2 |     4 ||    28
       Trog's Hand       |       |     1 |     1 |     6 |     1 |     2 |     5 ||    16
       Brothers in Arms  |       |       |       |     1 |       |       |       ||     1
Evoke: Wand              |       |       |       |     1 |       |    19 |     2 ||    22
       Tin of tremorston |       |       |       |       |       |     3 |       ||     3
       Condenser vane    |       |       |       |       |       |     1 |       ||     1
  Use: Scroll            |       |       |     8 |    16 |    23 |    11 |     5 ||    63
       Potion            |       |       |       |     3 |       |     1 |     1 ||     5
 Stab: Petrified         |       |       |       |       |    16 |       |       ||    16
       Petrifying        |       |       |       |       |     6 |       |       ||     6
Armor: Animal skin       |    16 |     2 |       |       |       |       |       ||    18
       Chain mail        |       |    85 |   114 |    39 |       |       |       ||   238
       Plate armour      |       |       |       |   134 |       |       |       ||   134
       Crystal plate arm |       |       |       |   287 |   377 |       |       ||   664
       Gold dragon scale |       |       |       |       |   573 |  1093 |   522 ||  2188
Dodge: Dodged            |    45 |    84 |   116 |   232 |   481 |   584 |   388 ||  1930
Block: Other             |       |       |       |       |   107 |   247 |       ||   354
       Reflection        |       |       |       |       |     5 |    20 |       ||    25

Table legend: (Time is in decaauts)
 A = Elapsed time spent in this place.
 B = Non-inter-level travel time spent in this place.
 C = Inter-level travel time spent in this place.
 D = Time resting spent in this place.
 E = Time spent auto-exploring this place.
 F = Levels seen in this place.
 G = Mean time per level.
                   A        B        C        D        E       F      G
               +--------+--------+--------+--------+--------+-----+--------+
         Total |  46365 |  43710 |   2655 |   1912 |  34053 |  41 | 1130.9 |
       Dungeon |  18474 |  17185 |   1289 |    901 |  13520 |  15 | 1231.6 |
          Lair |   7172 |   6710 |    462 |     47 |   5745 |   6 | 1195.3 |
        Shoals |   4577 |   4367 |    210 |      4 |   3539 |   4 | 1144.2 |
   Spider Nest |   4160 |   4025 |    135 |    517 |   2716 |   4 | 1040.0 |
  Orcish Mines |   1748 |   1542 |    206 |     21 |   1082 |   2 |  874.0 |
   Elven Halls |   3100 |   3004 |     96 |     14 |   2360 |   3 | 1033.3 |
        Vaults |   6020 |   5766 |    254 |      4 |   4675 |   4 | 1505.0 |
         Abyss |    230 |    230 |      0 |      0 |    150 |   1 |  230.0 |
      Ice Cave |    248 |    248 |      0 |    169 |      0 |   1 |  248.0 |
      Gauntlet |    633 |    633 |      0 |    233 |    264 |   1 |  633.0 |
               +--------+--------+--------+--------+--------+-----+--------+

Top non-repeatable levels by time:
    D:10: 2299 daAuts
     D:9: 2099 daAuts
Vaults:3: 2044 daAuts
     D:8: 1896 daAuts
  Lair:4: 1883 daAuts
    D:14: 1688 daAuts
Shoals:4: 1534 daAuts
Shoals:3: 1503 daAuts
Vaults:2: 1503 daAuts
Vaults:1: 1408 daAuts
    D:13: 1378 daAuts
  Lair:1: 1287 daAuts
  Lair:3: 1256 daAuts
     D:4: 1235 daAuts
     D:5: 1235 daAuts
